 Dungeon Crawl Stone Soup version 0.16-a0-3458-g6d2551d (webtiles) character file.

272 NewYearsCrawler the Chopper (level 6, 0/47 HPs)
             Began as a Formicid Fighter on Jan 1, 2015.
             Slain by a gnoll
             ... wielding a +0 club
              (5 damage)
             ... on level 3 of the Dungeon.
             The game lasted 00:03:16 (1449 turns).

NewYearsCrawler the Chopper (Formicid Fighter)      Turns: 1449, Time: 00:03:17

Health: 0/47       AC:  8    Str: 28      XL:     6   Next: 48%
Magic:  8/8        EV:  8    Int:  7      God:
Gold:   161        SH:  9    Dex:  7 (10) Spells: 0 memorised, 5 levels left

rFire  . . .     SeeInvis +     a - +0 war axe
rCold  . . .     Clarity  .     b - +0 scale mail
rNeg   . . .     SustAb   .     c - +0 shield
rPois  .         Gourm    .     (helmet unavailable)
rElec  .         Spirit   .     k - +0 cloak
rCorr  .         Warding  .     (no gloves)
rMut   .         Stasis   +     (no boots)
MR     .....                    (no amulet)
Stlth  ..........               (no ring)
                                (no ring)

@: mighty, lethally poisoned, not resistant to hostile enchantments, extremely
unstealthy
A: permanent stasis, dig shafts and tunnels, four strong arms, antennae 3, beak
a: Dig, Shaft Self


You were on level 3 of the Dungeon.
You were not hungry.

You visited 1 branch of the dungeon, and saw 3 of its levels.

You collected 161 gold pieces.

Inventory:

Hand weapons
 a - a +0 war axe (weapon)
Missiles
 q - 4 javelins (quivered)
Armour
 b - a +0 scale mail (worn)
 c - a +0 shield (worn)
 k - a +0 cloak (worn)
Scrolls
 f - 2 scrolls of teleportation {unknown}
 i - a scroll of noise {unknown}
 j - a scroll of identify {unknown}
 n - 3 scrolls of enchant weapon {unknown}
 o - 2 scrolls of remove curse {unknown}
Potions
 m - a potion of heal wounds
Comestibles
 d - 3 bread rations
 h - 2 slices of pizza
 p - a meat ration


   Skills:
 - Level 3.2 Fighting
 * Level 6.4 Axes
 - Level 3.2 Armour
 - Level 3.6 Shields


You had 5 spell levels left.
You didn't know any spells.

Dungeon Overview and Level Annotations

Branches:
Dungeon (3/15)

Altars:


Innate Abilities, Weirdness & Mutations

You are under a permanent stasis effect.
You can dig through walls and to a lower floor.
Your four strong arms can wield two-handed weapons with a shield.
You have a pair of large antennae on your head (SInv).
You have a beak for a mouth.


Message History

You block the gnoll's attack.
* * * LOW HITPOINT WARNING * * *
You feel very sick. You block the gnoll's attack.
Things that are here:
a spear of venom; a spear; a gnoll corpse You slash the gnoll!
You kill the gnoll!
* * * LOW HITPOINT WARNING * * *
You feel very sick.
You slice the gnoll!!
You kill the gnoll!
* * * LOW HITPOINT WARNING * * *
You feel very sick.
You slash the gnoll!
The gnoll is almost dead.
* * * LOW HITPOINT WARNING * * *
You feel very sick. The gnoll hits you with a club.
You die...

#############.#######
..)..........†........
≈≈÷≈≈≈≈≈≈≈≈..†.≈≈≈≈≈≈≈
≈≈≈≈≈≈≈≈≈≈≈....≈≈≈≈≈≈≈
≈≈≈≈≈≈≈≈≈≈≈....≈≈≈≈{≈≈
...................{...
###########''''#######
#....####### { {
+....g@))..+ {
#....####### { { ##''##
..... { .g..... ......g
{ ...... { ###++


You could see a gnoll.

Vanquished Creatures
  A gnoll shaman (D:3)
  Robin (D:2)
  15 gnolls (D:3)
  A worm (D:2)
  2 giant geckos
  An orc (D:3)
  2 giant cockroaches
  9 hobgoblins
  8 jackals
  2 kobolds (D:1)
  A ball python (D:2)
  5 bats
  3 giant newts
  21 goblins
  18 rats
90 creatures vanquished.

Notes
Turn   | Place    | Note
--------------------------------------------------------------
     0 | D:1      | NewYearsCrawler, the Formicid Fighter, began the quest for the Orb.
     0 | D:1      | Reached XP level 1. HP: 18/18 MP: 1/1
   114 | D:1      | Reached XP level 2. HP: 21/24 MP: 3/3
   294 | D:1      | Reached XP level 3. HP: 29/29 MP: 4/4
   748 | D:2      | Reached XP level 4. HP: 35/35 MP: 5/5
   752 | D:2      | Reached skill level 4 in Axes
  1110 | D:2      | Noticed Robin
  1119 | D:2      | Killed Robin
  1306 | D:3      | Reached XP level 5. HP: 41/41 MP: 7/7
  1379 | D:3      | Noticed a gnoll sergeant
  1397 | D:3      | Reached skill level 5 in Axes
  1415 | D:3      | Reached XP level 6. HP: 37/47 MP: 8/8
  1432 | D:3      | Reached skill level 6 in Axes
  1438 | D:3      | Gained mutation: You have a beak for a mouth. [potion of beneficial mutation]
  1449 | D:3      | Slain by a gnoll

Action                   |  1- 3 |  4- 6 || total
-------------------------+-------+-------++-------
Melee: War axe           |   109 |   114 ||   223
  Use: Potion            |       |     6 ||     6
  Eat: Chunk             |       |     2 ||     2
